 Dungeon Crawl Stone Soup version 0.28-a0-1002-gf00fe891ef (webtiles) character file.

Game seed: 702044524891061677

12 shae68 the Shield-Bearer (level 2, -3/24 HPs)
             Began as a Formicid Fighter on Dec 7, 2021.
             Slain by a gnoll (6 damage)
             ... on level 1 of the Dungeon.
             The game lasted 00:01:17 (460 turns).

shae68 the Shield-Bearer (Formicid Fighter)          Turns: 460, Time: 00:01:17

Health: -3/24      AC:  6    Str: 20    XL:     2   Next: 45%
Magic:  2/2        EV:  9    Int:  7    God:
Gold:   7          SH:  4    Dex: 10    Spells: 1/1 levels left

rFire   . . .      SeeInvis +   a - +0 trident
rCold   . . .      Faith    .   c - +0 buckler
rNeg    . . .      Spirit   .   b - +0 scale mail
rPois   .          Reflect  .   (helmet unavailable)
rElec   .          Harm     .   (no cloak)
rCorr   .          Rampage  .   (no gloves)
Will    .....                   (no boots)
Stlth   ..........              (no amulet)
HPRegen 0.08/turn               (no ring)
MPRegen 0.08/turn               (no ring)

@: no status effects
A: permanent stasis, dig shafts and tunnels, antennae 3, four strong arms
a: Dig, Shaft Self


You were on level 1 of the Dungeon.
You visited 1 branch of the dungeon, and saw 2 of its levels.

You collected 7 gold pieces.

Inventory:

Hand Weapons
 a - a +0 trident (weapon)
Missiles
 e - 8 poisoned darts
Armour
 b - a +0 scale mail (worn)
 c - a +0 buckler (worn)
Potions
 d - a potion of might


   Skills:
 + Level 3.4 Fighting
 * Level 2.2 Polearms
 + Level 3.5 Armour
 + Level 3.9 Shields


You had one spell level left.
You didn't know any spells.
Your spell library was empty.

Dungeon Overview and Level Annotations

Branches:
Dungeon (2/15)

Altars:


Innate Abilities, Weirdness & Mutations

You cannot be hasted, slowed, berserked, paralysed or teleported.
You can dig through walls and to a lower floor.
You have a pair of large antennae on your head. (SInv)
Your four strong arms can wield two-handed weapons with a shield.


Message History

You kill the ball python!
The gnoll hits you but does no damage.
The gnoll hits you from afar with a +2 spear of flaming.
The gnoll burns you.
You reach to attack!
You barely miss the gnoll. You block the gnoll's attack.
You reach to attack!
You barely miss the gnoll. The gnoll closely misses you.
You reach to attack!
You closely miss the gnoll.
The gnoll hits you from afar with a +2 spear of flaming.
The gnoll burns you.
You are too injured to fight recklessly!
There is a stone staircase leading down here.
The gnoll hits you but does no damage.
You climb downwards.
Found a golden potion and a ring mail.
There is a stone staircase leading up here.
You start resting.
HP restored.
You climb upwards.
You block the gnoll's attack.
The gnoll hits you with a +2 spear of flaming.
The gnoll burns you.
There is a stone staircase leading down, spattered with blood here.
You barely miss the gnoll. The gnoll closely misses you.
You closely miss the gnoll.
The gnoll hits you with a +2 spear of flaming.
The gnoll burns you.
You puncture the gnoll!
The gnoll is almost dead.
The gnoll hits you with a +2 spear of flaming.
The gnoll burns you.
You completely miss the gnoll.
The gnoll is almost dead.
You block the gnoll's attack.
The gnoll hits you with a +2 spear of flaming.
* * * LOW HITPOINT WARNING * * *
The gnoll burns you.
* * * LOW HITPOINT WARNING * * *
You closely miss the gnoll.
The gnoll is almost dead.
The gnoll hits you with a +2 spear of flaming.
You die...

.#..(.......##.####
.#..†.##.........>#######
.#.###..[..####.#.......####
.#.#
#####.####.#######....####
.#.##
#.....>...............###
....#
#.#####.############.....
#.#.## #.. #..# #...##
..#..# #.# ##g### ###...
####.###.# #@..# ##.. #
#...#.# ###.## ##### ###...#
#..### #####.# # ## ##..##
##...###.....## .####)...##
###..##.###..## ..........#
##....# ##..# #####.##.....
##..#### ##.# ##...# .####
####...# #.# #..### .#
#....#.# #..


You could see a gnoll.

Vanquished Creatures
  A ball python (D:1)
  3 endoplasms (D:1)
  2 giant cockroaches (D:1)
  A goblin (D:1)
  A hobgoblin (D:1)
  A quokka (D:1)
9 creatures vanquished.

Notes
Turn   | Place    | Note
-------+----------+-------------------------------------------
     0 | D:1      | shae68 the Formicid Fighter began the quest for the Orb.
     0 | D:1      | Reached XP level 1. HP: 18/18 MP: 1/1
   183 | D:1      | Reached XP level 2. HP: 24/24 MP: 2/2
   460 | D:1      | Slain by a gnoll

Illustrated notes

Levels and vault maps discovered:
D:1:      nicolae_arrival_washed_ashore, layout_rooms,
          ebering_ecumenical_altar_hall
D:2:      layout_loops_corners, basic_altar, serial_shops, shop, uniq_sigmund

Action                   || total
-------------------------++-------
Melee: Trident           ||    29
Armor: Scale mail        ||     6
Dodge: Dodged            ||     6
Block: Buckler           ||     5

Table legend: (Time is in decaauts)
 A = Elapsed time spent in this place.
 B = Non-inter-level travel time spent in this place.
 C = Inter-level travel time spent in this place.
 D = Time resting spent in this place.
 E = Time spent auto-exploring this place.
 F = Levels seen in this place.
 G = Mean time per level.
                   A        B        C        D        E       F      G
               +--------+--------+--------+--------+--------+-----+--------+
         Total |    465 |    465 |      0 |    138 |    226 |   2 |  232.5 |
       Dungeon |    465 |    465 |      0 |    138 |    226 |   2 |  232.5 |
               +--------+--------+--------+--------+--------+-----+--------+

Top non-repeatable levels by time:
     D:1: 326 daAuts
     D:2: 139 daAuts
